 Seeded DCSS version 0.28-a0-1594-ga885d4b3d6 (webtiles) character file.

Game seed: 16008875487339432128 (custom seed)

23 DarkBird the Conjurer (level 2, 20/20 HPs)
             Began as a Draconian Conjurer on Jan 20, 2022.
             Quit the game on level 1 of the Dungeon.
             The game lasted 00:03:46 (1525 turns).

DarkBird the Conjurer (Draconian Conjurer)          Turns: 1525, Time: 00:03:47

Health: 20/20      AC:  4    Str:  9    XL:     2   Next: 75%
Magic:  5/5        EV: 12    Int: 18    God:
Gold:   66         SH:  0    Dex:  9    Spells: 2/5 levels left

rFire   . . .      SeeInvis .   b - +0 battleaxe
rCold   . . .      Faith    .   (shield currently unavailable)
rNeg    . . .      Spirit   .   (armour unavailable)
rPois   .          Reflect  .   (helmet restricted)
rElec   .          Harm     .   (no cloak)
rCorr   .          Rampage  .   (no gloves)
Will    .....                   (no boots)
Stlth   ++........              (no amulet)
HPRegen 0.06/turn               (no ring)
MPRegen 0.09/turn               (no ring)

@: no status effects
A: AC +4, unfitting armour, cold-blooded
a: no special abilities


You were on level 1 of the Dungeon.
You visited 1 branch of the dungeon, and saw 1 of its levels.

You collected 66 gold pieces.

Inventory:

Hand Weapons
 b - a +0 battleaxe (weapon)
Scrolls
 a - a scroll of silence {unknown}
 c - a scroll of teleportation {unknown}


   Skills:
 + Level 1.9 Dodging
 + Level 1.9 Stealth
 + Level 0.1 Unarmed Combat
 + Level 2.3 Spellcasting
 + Level 4.5 Conjurations


You had 2 spell levels left.
You knew the following spells:

 Your Spells              Type           Power      Damage    Failure   Level
a - Magic Dart            Conj           72%        1d6       2%          1
b - Searing Ray           Conj           36%        2d5       4%          2

Your spell library contained the following spells:

 Spells                   Type           Power      Damage    Failure   Level
 Animate Skeleton         Necr           4%         N/A       19%         1
 Pain                     Necr           8%         1d4       19%         1
 Dazzling Flash           Conj/Hex       20%        N/A       22%         3
 Vampiric Draining        Necr           2%         2d6       47%         3
 Fulminant Prism          Conj/Hex       5%         3d7       56%         4
 Iskenderun's Mystic Bla  Conj/Tloc      10%        2d4       56%         4


Dungeon Overview and Level Annotations

Branches:
Dungeon (1/15)

Altars:


Innate Abilities, Weirdness & Mutations

Your plain brown scales are hard. (AC +4)
You cannot fit into any form of body armour.
You are cold-blooded and may be slowed by cold attacks.


Message History

The magic dart hits the giant cockroach but does no damage.
The giant cockroach is almost dead.
The giant cockroach completely misses you.
The giant cockroach bites you.
The magic dart hits the giant cockroach.
You kill the giant cockroach!
Memorise Searing Ray, consuming 2 spell levels and leaving 2?
You start memorising the spell.
You continue memorising. x2
You finish memorising.
Spell assigned to 'b'.
HP restored.
You now have 57 gold pieces (gained 18).
There is a stone staircase leading down here.
An endoplasm comes into view.
Found a stone staircase leading down.
The magic dart hits the endoplasm.
The endoplasm is almost dead.
The endoplasm quivers.
The magic dart hits the endoplasm.
You kill the endoplasm!
A rat comes into view.
You see here 9 gold pieces.
You closely miss the rat. The rat barely misses you. x2
You closely miss the rat. The rat bites you but does no damage.
The rat closely misses you.
You closely miss the rat. The rat bites you.
You slash the rat!
You kill the rat!
You now have 66 gold pieces (gained 9).
You see here a rat corpse.
A frilled lizard comes into view.
The helpless frilled lizard fails to defend itself.
You slash the frilled lizard!
You kill the frilled lizard!
You see here a frilled lizard corpse.
Done exploring.
Done exploring.
Are you sure you want to abandon this character and quit the game? (Confirm with "yes".)
Okay, then.
Unknown command.
Are you sure you want to abandon this character and quit the game? (Confirm with "yes".)

...# #.#
#########♣♣.∩..⌠
...# ###.#
#.♣∩.... ..##
#...# #♣...⌠.< .##
#.### #♣.∩.... ##
#†# #.♣♣∩..⌠ # #.#
##..♣∩.. # #.#
############8♣..∩.
# #.###
#...†.....##..♣♣♣.
# #...#
#@#######.###♣♣...
# ######.# #.# #.#
#.♣♣. # #......#
#.# #.# ##.#.
#####.###..# #.#
#.# ##..
........#..# #.#
#.# ##.
#####.#.#..#
###.### #.# ####
#......# #.....#
#.# ##... ###.##.#
#.###.#####.#
#.... #.##.# #.#
#....##.# #....


There were no monsters in sight!

Vanquished Creatures
  4 endoplasms (D:1)
  2 giant cockroaches (D:1)
  2 goblins (D:1)
  2 hobgoblins (D:1)
  2 quokkas (D:1)
  A ball python (D:1)
  2 bats (D:1)
  A frilled lizard (D:1)
  A kobold (D:1)
  4 rats (D:1)
21 creatures vanquished.

Notes
Turn   | Place    | Note
-------+----------+-------------------------------------------
     0 | D:1      | DarkBird the Draconian Conjurer began the quest for the
                  | Orb.
     0 | D:1      | Reached XP level 1. HP: 14/14 MP: 3/3
   209 | D:1      | Found a faded altar of an unknown god.
   239 | D:1      | Reached XP level 2. HP: 8/20 MP: 0/5
  1269 | D:1      | Learned a level 2 spell: Searing Ray
  1525 | D:1      | Quit the game

Illustrated notes

Levels and vault maps discovered:
D:1:      heliophobic_arrival_enchanted_forest, layout_loops_ring,
          shapermc_ecumenical_altar_mp_ritualfount, st_stairs_6

Action                   || total
-------------------------++-------
Melee: Unarmed           ||    18
       Tailslap          ||     3
       Battleaxe         ||     8
 Cast: Magic Dart        ||    46
 Stab: Sleeping          ||     1
Armor: Skin              ||    13
Dodge: Dodged            ||    20

Table legend: (Time is in decaauts)
 A = Elapsed time spent in this place.
 B = Non-inter-level travel time spent in this place.
 C = Inter-level travel time spent in this place.
 D = Time resting spent in this place.
 E = Time spent auto-exploring this place.
 F = Levels seen in this place.
 G = Mean time per level.
                   A        B        C        D        E       F      G
               +--------+--------+--------+--------+--------+-----+--------+
         Total |   1533 |   1512 |     21 |    407 |    949 |   1 | 1533.0 |
       Dungeon |   1533 |   1512 |     21 |    407 |    949 |   1 | 1533.0 |
               +--------+--------+--------+--------+--------+-----+--------+

Top non-repeatable levels by time:
     D:1: 1533 daAuts
